 Dungeon Crawl Stone Soup version 0.27.1-2-g3b301248ec (webtiles) character file.

Game seed: 18227572628686306375

261 TheGamechu the Ruffian (level 5, -1/49 HPs)
             Began as a Troll Transmuter on Sept 27, 2021.
             Slain by an orc (4 damage)
             ... on level 4 of the Dungeon.
             The game lasted 00:10:30 (3023 turns).

TheGamechu the Ruffian (Troll Transmuter)           Turns: 3023, Time: 00:10:31

Health: -1/49      AC:  4    Str: 19    XL:     5   Next: 96%
Magic:  5/5        EV:  5    Int:  9    God:
Gold:   150        SH: 11    Dex: 10    Spells: 5/6 levels left

rFire    . . .     SeeInvis .     - Unarmed
rCold    . . .     Faith    .   l - +0 tower shield {reflect}
rNeg     . . .     Spirit   .   h - +0 robe {Will+}
rPois    .         Reflect  +   (helmet restricted)
rElec    .         Harm     .   (no cloak)
rCorr    .         Rampage  .   (gloves unavailable)
Will     +....                  (boots unavailable)
Stlth    +.........             (no amulet)
HPRegen  1.16/turn              (no ring)
MPRegen  0.09/turn              (no ring)

@: no status effects
A: large, unfitting armour, claws 3, regeneration 1, shaggy fur 1, tough skin 1
a: no special abilities


You were on level 4 of the Dungeon.
You visited 1 branch of the dungeon, and saw 4 of its levels.

You collected 243 gold pieces.
You spent 93 gold pieces at shops.

Inventory:

Missiles
 k - a throwing net
 o - a curare-tipped dart
Armour
 h - a +0 robe of willpower (worn)
 l - a +0 tower shield of reflection (worn)
Wands
 a - a wand of paralysis (7)
 n - a wand of polymorph (4)
Scrolls
 b - a scroll of amnesia {unknown}
 c - a scroll of vulnerability {unknown}
 d - a scroll of torment {unknown}
 i - a scroll of brand weapon {unknown}
 m - a scroll of blinking {unknown}
 p - a scroll of enchant weapon {unknown}
Potions
 e - 2 potions of curing
 f - a potion of lignification {unknown}
 g - a potion of cancellation {unknown}
 j - a potion of brilliance {unknown}


   Skills:
 + Level 2.2 Fighting
 + Level 2.6 Dodging
 + Level 0.8 Shields
 * Level 4.7 Unarmed Combat
 - Level 1.2 Spellcasting
 - Level 2.2 Transmutations


You had 5 spell levels left.
You knew the following spells:

 Your Spells              Type           Power      Damage    Failure   Level
a - Beastly Appendage     Tmut           8%         N/A       97%         1

Your spell library contained the following spells:

 Spells                   Type           Power      Damage    Failure   Level
 Wereblood                Tmut           4%         N/A       99%         2
 Spider Form              Tmut/Pois      1%         N/A       100%        3
 Ice Form                 Ice/Tmut       2%         N/A       100%        4


Dungeon Overview and Level Annotations

Branches:
Dungeon (4/15)
 Temple: D:4-7

Altars:
The Shining One

Shops:
D:1 *?[[   D:3 [[


Innate Abilities, Weirdness & Mutations

You are too large for most types of armour.
You have claws for hands.
Your natural rate of healing is unusually fast.
You are covered in fur. (AC +1)
You have tough skin. (AC +1)


Message History

The orc wizard hits you with a +0 dagger.
Something hits you. x2; You block the orc's attack.
You scratch the orc wizard.
The orc wizard is moderately wounded.
The orc wizard hits you with a +0 dagger.
Something hits you. x2; The orc hits you but does no damage.
The orc wizard hits you but does no damage.
The orc wizard points at you and mumbles some strange words.
You hear some strange, mumbled words.
A magic dart appears from out of thin air!
The magic dart hits you. You block the orc's attack.
You block the orc wizard's attack.
There is an open door, spattered with blood here.
You hear some strange, mumbled words.
A puff of flame appears from out of thin air!
The puff of flame hits you.
You hear some strange, mumbled words.
A magic dart appears from out of thin air!
The magic dart hits you but does no damage.
You closely miss something. Something hits you but does no damage.
The orc wizard casts a spell at you. The puff of flame hits you!
* * * LOW HITPOINT WARNING * * *
Something hits you but does no damage. Something hits you.
* * * LOW HITPOINT WARNING * * *
The orc hits you but does no damage.
It was a potion of curing.
You feel better. Something hits you.
* * * LOW HITPOINT WARNING * * *
You block the orc's attack.
You closely miss the orc wizard.
The orc wizard is moderately wounded.
The orc wizard hits you with a +0 dagger.
* * * LOW HITPOINT WARNING * * *
Something hits you but does no damage.
You hear some strange, mumbled words.
A puff of flame appears from out of thin air!
The puff of flame hits you!
* * * LOW HITPOINT WARNING * * *
The orc hits you from afar with a +0 trident.
You die...

#.......# .......# ......# .....#
....# ##### ...####.. .##.##
######......# .....# #...{#o...#
.....# #...@o)...# .....#
#...{#....# .....# #....#....#
#...##########.###....#
####...........####+#...
.....#......#.......#....
.....'......+.......#......#
.....#......######+##......######
##...#.......^...................


You could see an orc wizard and an orc.

Vanquished Creatures
  A hound (D:4)
  An orc wizard (D:4)
  4 gnolls (D:3)
  5 adders
  An adder skeleton (D:4)
  2 worms
  3 dart slugs
  11 orcs
  6 endoplasms
  2 giant cockroaches
  4 goblins
  4 hobgoblins (D:3)
  2 jackals (D:1)
  4 quokkas
  5 ball pythons
  8 bats
  2 frilled lizards
  2 kobolds
  6 rats
73 creatures vanquished.

Vanquished Creatures (others)
  A kobold brigand (D:4)
1 creature vanquished.

Grand Total: 74 creatures vanquished

Notes
Turn   | Place    | Note
-------+----------+-------------------------------------------
     0 | D:1      | TheGamechu the Troll Transmuter began the quest for the
                  | Orb.
     0 | D:1      | Reached XP level 1. HP: 18/18 MP: 1/1
   121 | D:1      | Reached skill level 1 in Fighting
   125 | D:1      | Reached XP level 2. HP: 27/27 MP: 2/2
   187 | D:1      | Found Ropoiraf's Assorted Antiques.
   217 | D:1      | Found Cuyl Boi's Armour Boutique.
   288 | D:1      | Found Ocley's Armour Shoppe.
   369 | D:1      | Found Heroghy's Magic Scroll Shop.
   871 | D:2      | Reached XP level 3. HP: 33/33 MP: 1/3
  1684 | D:3      | Reached XP level 4. HP: 41/41 MP: 2/4
  1716 | D:3      | Found a glowing golden altar of the Shining One.
  1806 | D:3      | Reached skill level 4 in Unarmed Combat
  2010 | D:3      | Found Qiad's Armour Boutique.
  2033 | D:3      | Noticed a steam dragon
  2034 | D:3      | Noticed a centaur
  2084 | D:3      | Found Dasmesoo's Antique Armour Emporium.
  2462 | D:3      | Reached XP level 5. HP: 49/49 MP: 3/5
  2633 | D:1      | Bought a +0 tower shield of reflection for 93 gold pieces
  3023 | D:4      | Slain by an orc

Illustrated notes

Levels and vault maps discovered:
D:1:      psy_arrival_terrarium, layout_basic, serial_shops,
          nicolae_shop_crystal, nicolae_square_shop, nicolae_diamond_shop, shop
D:2:      layout_basic
D:3:      minmay_chambers_of_twos, layout_loops_ring,
          mainiacjoe_overflow_small_starburst, serial_shops, shop, shop,
          lightli_corner_chamber
D:4:      layout_gridville

Skill      XL: |  1  2  3  4  5 |
---------------+----------------+-----
Fighting       | 1 2 |  2.2
Dodging        | 2 |  2.6
Transmutations | 2 |  2.2
Unarmed Combat | 4 |  4.7
Shields        | |  0.8
Spellcasting   | |  1.2

Action                   |  1- 3 |  4- 6 || total
-------------------------+-------+-------++-------
Melee: Unarmed           |    62 |   131 ||   193
       Kick              |     4 |     5 ||     9
       Headbutt          |     2 |     3 ||     5
       Punch             |       |     1 ||     1
 Cast: Beastly Appendage |    15 |     7 ||    22
  Use: Potion            |       |     1 ||     1
Armor: Robe              |    21 |    38 ||    59
Dodge: Dodged            |    27 |    63 ||    90
Block: Tower shield      |       |    42 ||    42
       Reflection        |       |     2 ||     2
